 Dungeon Crawl Stone Soup version 0.23.2-1-ga50397a (webtiles) character file.

Game seed: 17524537815688082076

123 MalarOregon the Skirmisher (level 5, -1/45 HPs)
             Began as a Ghoul Warper on May 26, 2019.
             Killed by divine providence
             ... invoked by an orc priest
              (13 damage)
             ... on level 3 of the Dungeon.
             The game lasted 00:03:12 (1952 turns).

MalarOregon the Skirmisher (Ghoul Warper)           Turns: 1952, Time: 00:03:13

Health: -1/45      AC:  5    Str: 15    XL:     5   Next: 7%
Magic:  6/6        EV: 11    Int:  9    God:
Gold:   120        SH:  3    Dex:  8    Spells: 5/7 levels left

rFire    . . .     SeeInvis .   a - +0 mace
rCold    + . .     Gourm    .   p - +0 buckler
rNeg     + + +     Faith    .   b - +0 leather armour
rPois    ∞         Spirit   .   (no helmet)
rElec    .         Reflect  .   m - +0 cloak
rCorr    .         Harm     .   i - +0 pair of gloves
MR       .....                  (no boots)
Stlth    +.........             (no amulet)
HPRegen  0.00/turn              (no ring)
MPRegen  0.10/turn              (no ring)

@: rotting
A: rotting body, claws 1, carnivore, cold resistance 1, negative energy
resistance 3, inhibited regeneration, torment resistance, unbreathing
a: no special abilities


You were on level 3 of the Dungeon.
You were not hungry.

You visited 1 branch of the dungeon, and saw 3 of its levels.

You collected 120 gold pieces.

Inventory:

Hand Weapons
 a - a +0 mace (weapon)
Missiles
 f - 5 tomahawks of dispersal (quivered) {!f}
Armour
 b - a +0 leather armour (worn)
 i - a +0 pair of gloves (worn)
   (You found it on level 1 of the Dungeon)
 m - a +0 cloak (worn)
   (You found it on level 1 of the Dungeon)
 p - a +0 buckler (worn)
   (You found it on level 2 of the Dungeon)
Scrolls
 d - a scroll of blinking
 h - a scroll of identify {unknown}
 j - 2 scrolls of amnesia {unknown}
 l - a scroll of teleportation {unknown}
 n - 2 scrolls of remove curse {unknown}
 q - 2 scrolls of enchant weapon {unknown}
 u - a scroll of fog {unknown}
Potions
 g - 2 potions of flight {unknown}
 k - 2 potions of curing {unknown}
 o - a potion of agility {unknown}
 r - a potion of lignification {unknown}
 s - a potion of might {unknown}
 t - a potion of brilliance {unknown}
Comestibles
 e - a ration {!d}


   Skills:
 + Level 3.0 Fighting
 * Level 2.9 Maces & Flails
 - Level 0.8 Throwing
 + Level 1.8 Armour
 + Level 2.4 Dodging
 * Level 1.3 Shields
 - Level 1.7 Spellcasting
 - Level 2.6 Translocations


You had 5 spell levels left.
You knew the following spells:

 Your Spells              Type           Power        Failure   Level  Hunger
b - Blink                 Tloc           N/A          30%         2    ###....

Your spell library contained the following spells:

 Spells                   Type           Power        Failure   Level  Hunger
 Shroud of Golubria       Chrm/Tloc      #.........   45%         2    ###....
 Gell's Gravitas          Tloc           #.........   52%         3    ####...
 Lesser Beckoning         Tloc           #.........   52%         3    ####...
 Teleport Other           Tloc           #.......     52%         3    ####...
 Passage of Golubria      Tloc           N/A          89%         4    #####..


Dungeon Overview and Level Annotations

Branches:
Dungeon (3/15)

Altars:
Fedhas

Annotations:
D:3 2 transporters, Borgoz's ghost, amateur MiMo


Innate Abilities, Weirdness & Mutations

Your body is rotting away.
You thrive on raw meat.
You are immune to poison.
You have sharp fingernails.
You are carnivorous and can eat meat at any time.
Your flesh is cold resistant. (rC+)
You are immune to negative energy. (rN+++)
You do not regenerate when monsters are visible.
You are immune to unholy pain and torment.
You can survive without breathing.


Message History

The orc priest completely misses you.
You hit the orc priest but do no damage.
The orc barely misses you. The orc priest barely misses you.
You barely miss the orc priest. The orc closely misses you.
The orc priest hits you but does no damage.
The orc barely misses you.
You closely miss the orc priest.
The orc priest hits you but does no damage.
The orc hits you but does no damage.
You hit the orc priest but do no damage.
The orc priest closely misses you. The orc hits you but does no damage.
You hit the orc priest but do no damage.
The orc barely misses you.
The orc priest hits you with a +0 flail.
* * * LOW HITPOINT WARNING * * *
The orc hits you with a +0 short sword.
* * * LOW HITPOINT WARNING * * *
You closely miss the orc priest.
The orc priest casts a cantrip, but nothing happens.
The orc hits you with a +0 short sword.
* * * LOW HITPOINT WARNING * * *
The orc priest misses you.
Eat one of 4 chunks of flesh? (ye/n/q)
You eat one of the 4 chunks of flesh.
This raw flesh tastes great!
The orc hits you but does no damage.
Eat one of 3 chunks of flesh? (ye/n/q)
You eat one of the 3 chunks of flesh.
This raw flesh tastes great!
The orc priest hits you but does no damage.
The orc hits you but does no damage.
Eat one of 2 chunks of flesh? (ye/n/q)
You eat one of the 2 chunks of flesh.
This raw flesh tastes great!
The orc priest closely misses you. The orc hits you but does no damage.
Eat a chunk of flesh? (ye/n/q)
You eat the chunk of flesh.
This raw flesh tastes great!
The orc priest barely misses you. The orc barely misses you.
You closely miss the orc priest. The orc hits you but does no damage.
The orc priest hits you with a +0 flail!
* * * LOW HITPOINT WARNING * * *
You hit the orc priest but do no damage.
The orc closely misses you.
The orc priest hits you but does no damage.
You hit the orc priest. The orc hits you with a +0 short sword.
* * * LOW HITPOINT WARNING * * *
The orc priest misses you. The orc barely misses you.
You closely miss the orc priest. The orc priest misses you.
The orc hits you but does no damage.
You barely miss the orc priest.
The orc priest invokes the aid of Beogh against you.
Beogh smites you!
You die...

.#...### # #.###
.##......# ##!#.
.##..##### #....
.##..# ... .##..####.
.)% .......... #.#
.....#### #.# .##.##
####o# .##.# #..@o#
.##.# #.#### .##.# #.#
....# #.# .###########
#.# ...........# #.#
.#########.###.######
####..................
.....#################


You could see an orc priest and an orc.

Vanquished Creatures
  An orc priest (D:3)
  2 adders (D:2)
  3 oozes
  2 dart slugs (D:1)
  3 leopard geckos
  2 orcs (D:3)
  2 giant cockroaches
  6 goblins
  8 hobgoblins
  3 jackals (D:2)
  6 kobolds
  9 bats
  2 frilled lizards
  6 rats
55 creatures vanquished.

Notes
Turn   | Place    | Note
-------+----------+-------------------------------------------
     0 | D:1      | MalarOregon the Ghoul Warper began the quest for the Orb.
     0 | D:1      | Reached XP level 1. HP: 17/17 MP: 2/2
    52 | D:1      | Reached skill level 1 in Armour
   278 | D:1      | Reached XP level 2. HP: 25/25 MP: 3/3
   287 | D:1      | Learned a level 2 spell: Blink
   436 | D:1      | Reached XP level 3. HP: 30/30 MP: 4/4
  1088 | D:2      | Found a blossoming altar of Fedhas.
  1224 | D:2      | Reached XP level 4. HP: 21/37 MP: 5/5
  1498 | D:2      | Reached skill level 1 in Shields
  1825 | D:3      | Found a transporter.
  1827 | D:3      | Noticed Borgoz's ghost (amateur MiMo)
  1837 | D:3      | Found a transporter.
  1931 | D:3      | Reached skill level 3 in Fighting
  1931 | D:3      | Reached XP level 5. HP: 18/45 MP: 6/6
  1952 | D:3      | Killed from afar by an orc priest

Skill      XL: |  1  2  3  4 |
---------------+-------------+-----
Armour         | 1 |  1.8
Maces & Flails | 2 |  2.9
Dodging        | 2 |  2.4
Shields        | 1 |  1.3
Fighting       | 3 |  3.0
Throwing       | |  0.8
Spellcasting   | |  1.7
Translocations | |  2.6

Action                   |  1- 3 |  4- 6 || total
-------------------------+-------+-------++-------
Melee: Mace              |   118 |   120 ||   238
  Eat: Chunk             |     4 |    11 ||    15
       Ration            |       |     1 ||     1
Armor: Leather armour    |    55 |    70 ||   125
Dodge: Dodged            |    86 |    93 ||   179
Block: Buckler           |     3 |    18 ||    21
